 Dungeon Crawl Stone Soup version 0.31-a0-236-g9a0961fb85 (webtiles) character file.

Game seed: 12719299036995248877

81806 arthad the Convoker (level 15, -10/70 HPs)
             Began as a Felid Summoner on Apr 8, 2023.
             Was an Initiate of Gozag.
             Mangled by a boulder beetle (25 damage)
             ... on level 1 of the Spider Nest on July 10, 2023.
             The game lasted 03:41:39 (40643 turns).

arthad the Convoker (Felid Summoner)               Turns: 40643, Time: 03:41:40

Health: -10/70     AC:  3    Str:  7    XL:     15   Next: 27%
Magic:  27/41      EV: 27    Int: 30    God:    Gozag
Gold:   2658       SH:  0    Dex: 17    Spells: 4/38 levels left
                                        Lives:  0   Deaths: 3

rFire   . .          .
                       - Unarmed
rCold   + . .        (shield unavailable)
rNeg    . . .        (body armour unavailable)
rPois   .            (helmet unavailable)
rElec   .            (cloak unavailable)
rCorr   +            (gloves unavailable)
SInv    +            (boots unavailable)
Will    ++...        U - amulet of magic regeneration
Stlth   ++           R - ring of Xustiad {rCorr Str+3 Int+6}
HPRegen 0.31/turn    f - ring of magical power
MPRegen 0.67/turn

%: no passive effects
@: gold aura, very slightly contaminated, quick
A: very small, claws 1, fangs 3, see invisible, speed 1, shaggy fur 3, stealthy
paws, no weapons or thrown items, no armour, multi-lived
a: Renounce Religion, Potion Petition, Call Merchant, Bribe Branch


You were on level 1 of the Spider Nest.
You worshipped Gozag.
Gozag was most pleased with you.
You visited 6 branches of the dungeon, and saw 27 of its levels.
You also visited: Ossuary and Bailey.

You collected 10870 gold pieces.
You spent 4304 gold pieces at shops.
You paid 3908 gold pieces to Gozag.

Inventory:

Hand Weapons
 n - the +7 flail "Haiges" {pain, rF+ Int+3 Dex+2}
   (You found it on level 6 of the Dungeon)

   Int:       It affects your intelligence (+3).
   Dex:       It affects your dexterity (+2).
   rF:        It protects you from fire.
 K - the +8 rapier of Kismet {drain, rC+}
   (You found it on level 2 of the Lair of Beasts)

   rC:        It protects you from cold.
Armour
 g - the +2 robe "Ydeus" {MP+9 Int+3}
   (You found it on level 2 of the Shoals)

   Int:       It affects your intelligence (+3).
   MP:        It affects your magic capacity (+9).
Jewellery
 e - a ring of protection from cold
 f - a ring of magical power (right paw)
 h - a +4 ring of protection
 x - a ring of ice
 C - a +5 ring of evasion
 L - a +5 ring of evasion
 R - the ring of Xustiad (left paw) {rCorr Str+3 Int+6}
   (You bought it in a shop on level 8 of the Dungeon)

   [ring of intelligence]

   Str:       It affects your strength (+3).
   Int:       It affects your intelligence (+6).
   rCorr:     It protects you from acid and corrosion.
 T - a ring of protection from fire
 U - an amulet of magic regeneration (around neck)
 Z - an amulet of reflection
Wands
 t - a wand of mindburst (11)
 w - a wand of polymorph (7)
 G - a wand of flame (3)
 Q - a wand of light (6)
 S - a wand of paralysis (5)
 V - a wand of roots (9)
 X - a wand of digging (7)
Scrolls
 l - 4 scrolls of fog
 r - a scroll of silence
 s - 9 scrolls of teleportation
 v - 6 scrolls of enchant weapon
 y - 8 scrolls of enchant armour
 z - 2 scrolls of torment
 H - a scroll of revelation
 J - 2 scrolls of amnesia
 M - 3 scrolls of immolation
 N - 4 scrolls of noise
 O - a scroll of poison
 P - a scroll of butterflies
 W - a scroll of blinking
 Y - a scroll of vulnerability
Potions
 a - 6 potions of magic
 b - 3 potions of invisibility
 c - 4 potions of haste
 d - a potion of cancellation
 i - 11 potions of curing
 j - 7 potions of resistance
 k - 2 potions of degeneration
 m - 3 potions of attraction
 o - 3 potions of berserk rage
 p - 4 potions of brilliance
 q - 2 potions of enlightenment
 u - 11 potions of ambrosia
 B - 2 potions of mutation
 D - 5 potions of might
 E - 4 potions of lignification
Miscellaneous
 A - a phantom mirror
 F - a phial of floods
 I - a tin of tremorstones (2/2)


   Skills:
 + Level 10.6 Fighting
 + Level 13.7 Dodging
 - Level 2.8 Stealth
 + Level 6.5 Unarmed Combat
 * Level 12.3 Spellcasting
 - Level 8.4 Hexes
 * Level 15.0 Summonings
 - Level 10.0 Translocations
 * Level 9.6 Transmutations
 * Level 12.7 Air Magic


You had 4 spell levels left.
You knew the following spells:

 Your Spells              Type           Power      Damage    Failure   Level
a - Blink                 Tloc           100%       N/A       1%          2
c - Call Canine Familiar  Summ           83%        N/A       1%          3
d - Summon Guardian Gole  Hex/Summ       73%        N/A       1%          3
e - Summon Lightning Spi  Summ/Air       80%        N/A       1%          4
f - Summon Mana Viper     Hex/Summ       73%        N/A       1%          5
g - Manifold Assault      Tloc           68%        N/A       1%          4
h - Storm Form            Tmut/Air       36%        N/A       24%         7
i - Summon Cactus Giant   Summ           41%        N/A       1%          6

Your spell library contained the following spells:

 Spells                   Type           Power      Damage    Failure   Level
 Summon Small Mammal      Summ           100%       N/A       0%          1
 Call Imp                 Summ           100%       N/A       0%          2
 Beastly Appendage        Tmut           100%       N/A       1%          1
 Sting                    Tmut/Pois      100%       1d8       1%          1
 Cigotuvi's Dreadful Rot  Necr/Pois/Air  88%        N/A       1%          2
 Lesser Beckoning         Tloc           100%       N/A       1%          2
 Momentum Strike          Conj/Tloc      96%        3d10      1%          2
 Dazzling Flash           Conj/Hex       86%        N/A       1%          3
 Mephitic Cloud           Conj/Pois/Air  44%        N/A       1%          3
 Vhi's Electric Charge    Tloc/Air       100%       N/A       1%          3
 Volatile Blastmotes      Fire/Tloc      96%        2d18      1%          3
 Cause Fear               Hex            31%        N/A       1%          4
 Foxfire                  Conj/Fire      72%        2x1d7     2%          1
 Kiss of Death            Conj/Necr      72%        2d10      2%          1
 Magic Dart               Conj           72%        1d6       2%          1
 Ice Form                 Ice/Tmut       47%        N/A       3%          4
 Iskenderun's Mystic Bla  Conj/Tloc      48%        2d11      3%          4
 Scorch                   Fire           36%        2d7       4%          2
 Searing Ray              Conj           36%        2d5       4%          2
 Fulminant Prism          Conj/Hex       21%        3d12      4%          4
 Leda's Liquefaction      Hex/Erth       21%        N/A       4%          4
 Hailstorm                Conj/Ice       18%        3d6       9%          3
 Dispel Undead            Necr           18%        3d11      28%         4
 Flame Wave               Conj/Fire      18%        2d7       28%         4
 Summon Forest            Summ/Tloc      38%        N/A       1%          5
 Monstrous Menagerie      Summ           41%        N/A       4%          7
 Summon Hydra             Summ           41%        N/A       4%          7
 Arcjolt                  Conj/Air       27%        1d37      5%          5
 Malign Gateway           Summ/Tloc      38%        N/A       14%         7
 Plasma Beam              Fire/Air       27%        2x1d39    30%         6
 Summon Horrible Things   Summ           41%        N/A       36%         8
 Dragon Form              Tmut           33%        N/A       41%         7
 Eringya's Noxious Bog    Tmut/Pois      23%        4d6       52%         6
 Statue Form              Tmut/Erth      31%        N/A       52%         6
 Borgnjor's Vile Clutch   Necr/Erth      9%         N/A       61%         5
 Fireball                 Conj/Fire      9%         3d6       61%         5
 Lee's Rapid Deconstruct  Erth           9%         3d7*      61%         5
 Spellforged Servitor     Conj/Summ      29%        N/A       71%         7
 Death Channel            Necr           9%         N/A       99%         6
 Leda's Unmaking          Conj/Erth      9%         9d2       99%         6
 Starburst                Conj/Fire      9%         6d5       99%         6
 Dragon's Call            Summ           41%        N/A       99%         9
 Orb of Destruction       Conj           9%         9d6       100%        7
 Animate Dead             Necr           Unusable   N/A       N/A         4
 Simulacrum               Ice/Necr       Unusable   N/A       N/A         6

Dungeon Overview and Level Annotations

Branches:
Dungeon (15/15)            Temple (1/1) D:7            Lair (5/5) D:10
 Shoals (3/4) Lair:2       Spider (1/4) Lair:2        Slime (0/5) Lair:4
    Orc (2/2) D:11            Elf (0/3) Orc:2        Vaults (0/5) D:14
 Depths (0/4) D:15        Ossuary (visited)          Bailey (visited)

Altars:
Ashenzari
Cheibriados
Dithmenos
Elyvilon
Fedhas
Gozag
Hepliaklqana
Kikubaaqudgha
Makhleb
Nemelex Xobeh
Okawaru
Qazlal
Ru
Sif Muna
Trog
Uskayaw
Vehumet
Wu Jian
Xom
Yredelemnul
Zin
The Shining One
Jiyva

Shops:
D:8 =*   Orc:2 *(:[*   Lair:2 *::   Lair:5 =


Innate Abilities, Weirdness & Mutations

You have sharp claws.
You have razor-sharp teeth.
You have supernaturally acute eyesight. (SInv)
You cover ground quickly. (Speed+)
Your thick and shaggy fur keeps you warm. (AC +3, rC+)
Your paws help you pounce on unaware monsters.
You are incapable of wielding weapons or throwing items.
You cannot wear armour.
You gain extra lives every three experience levels.


Message History

The sun moth resists.
The bolt of electricity hits your lightning spire.
Your lightning spire completely resists.
Something touches your mana viper!
Your mana viper bites the sun moth!
The orb spider weaves a glowing orb of energy.
An orb of destruction comes into view.
Your transformation has ended.
Something barely misses your mana viper.
The sun moth is engulfed in blazing flames.
The boulder beetle closely misses you.
The boulder beetle stops rolling and uncurls.
You're too confused to cast spells.
Unknown command.
You feel better.
Your mana viper bites the tarantella!
The tarantella dies!
Your cactus giant is engulfed in blazing flames.
Your cactus giant barely misses the sun moth.
The orb spider is distracted by your dazzling golden aura.
Your mana viper bites the boulder beetle but does no damage.
The boulder beetle closely misses you.
Casting: Summon Guardian Golem (safe; 1% risk of failure)
Confirm with . or Enter, or press ? or * to list all spells.
You miscast Storm Form.
You are very lightly contaminated with residual magic.
Nothing appears to happen.
The orb spider's many legs skitter faintly.
The orb of destruction hits you!!!
Ouch! That really hurt!
* * * LOW HITPOINT WARNING * * *
The sun moth is engulfed in blazing flames.
The sun moth is distracted by your dazzling golden aura.
Your lightning spire shoots out a bolt of lightning at the sun moth!
The bolt of electricity hits the sun moth.
The sun moth resists.
The sun moth is no longer distracted by gold.
The boulder beetle bites your mana viper!!
Your mana viper bites the boulder beetle!
The boulder beetle bites you!!
You die...
Your body crumbles into a pile of gold.

....^#..8##
..#.##....#
...#^#....#
#....##..##
.....#...#
........^##
.#........#
#.#..#...##
#.#.##^B@#
........○##
.......☼..#
.....#.☼y☼# ###
.##...○§.§#.....
...##○#C☼§...#
....s.#.S8.#...?.
..s...#.B#^# ....
....#.#...... ..^


You could see a sun moth (distracted, ally target), 2 boulder beetles, an orb
spider, a friendly mana viper (summoned), a friendly cactus giant (summoned) and
a friendly lightning spire (summoned).

Vanquished Creatures
  3 death yaks (Shoals:2)
  2 skysharks
  A skeletal warrior (D:15)
  A sea snake (Shoals:2)
  3 harpies
  A wolf spider (Spider:1)
  A manticore (Shoals:3)
  A stone giant skeleton (D:15)
  A cane toad (Lair:2)
  2 wind drakes
  A tarantella (Spider:1)
  2 yaks
  A warg (Orc:2)
  A nameless horror (Shoals:1)
  A gnoll bouda (D:4)
  An orc priest (D:9)
  An orc wizard (D:3)
  A gnoll (D:8)
  A dart slug (D:1)
  2 orcs
  A goblin (D:1)
  A quokka (D:3)
  2 ball pythons
  A bat (D:1)
  A hobgoblin zombie (Ossuary)
34 creatures vanquished.

Vanquished Creatures (collateral kills)
  A kraken (Shoals:1)
  Polyphemus (Shoals:2)
  Kirke (Lair:5)
  Donald (Shoals:2)
  An orc warlord (Orc:2)
  A minotaur (Lair:5)
  Azrael (D:14)
  2 fire dragons
  A merfolk impaler (Shoals:3)
  4 hydras
  3 ogre magi
  2 centaur warriors (D:14)
  10 two-headed ogres
  2 catoblepae
  A death yak (Shoals:2)
  A boulder beetle (D:14)
  4 orc high priests (Orc:2)
  2 tengu warriors (D:14)
  A vampire mage (D:15)
  4 skysharks
  A pharaoh ant (Spider:1)
  Lodul (D:14)
  5 skeletal warriors
  A glowing orange brain (shapeshifter) (D:14)
  5 sea snakes
  2 wizards
  5 orc knights
  A lindwurm (Lair:5)
  4 harpies
  A necromancer (D:15)
  5 orc sorcerers (Orc:2)
  A deep elf pyromancer (D:12)
  A stone giant zombie (D:15)
  4 fauns
  8 cyclopes
  10 ugly things
  2 iron dragon zombies (D:15)
  4 manticores
  7 elephants
  7 black mambas
  3 water nymphs
  6 merfolk sirens
  2 torpor snails
  A gargoyle (D:12)
  12 cane toads
  2 molten gargoyles (Lair:5)
  3 rime drakes (Lair:5)
  5 yaktaurs (D:14)
  4 kobold demonologists
  A freezing wraith (D:15)
  A tengu conjurer (D:13)
  12 komodo dragons
  7 trolls
  A queen bee (D:10)
  8 merfolk
  3 polar bears
  4 snapping turtles
  9 dream sheep
  A tarantella (Spider:1)
  17 blink frogs
  8 slime creatures
  4 jumping spiders (Lair:2)
  3 culicivoras
  2 wraiths
  50 yaks
  3 shadows
  4 wyverns
  A golden eye (shapeshifter) (D:15)
  9 basilisks
  5 fire elementals (D:14)
  3 hogs
  6 redbacks
  7 vampire mosquitoes
  3 steam dragons (Lair:5)
  4 wargs
  7 hell hounds
  10 water moccasins
  A sky beast (D:7)
  3 black bears
  42 orc warriors
  7 wolves
  29 ogres
  9 centaurs
  7 kobold brigands
  9 bullfrogs
  2 gnoll sergeants
  2 scorpions
  6 wights
  10 killer bees
  An electric eel (Lair:3)
  2 howler monkeys (D:10)
  5 lava snakes (Lair:5)
  A centaur zombie (Ossuary)
  4 hounds
  35 orc priests
  4 jellies
  2 gnoll boudas
  An iguana (D:4)
  Natasha (D:2)
  33 orc wizards
  3 hell rats (Lair:2)
  2 mummies (Ossuary)
  21 gnolls
  4 adders
  6 river rats (Lair:2)
  4 white imps
  2 worms
  2 dart slugs
  114 orcs
  8 ball pythons
  7 bats
  9 endoplasms
  2 giant cockroaches (D:3)
  2 gnoll zombies (Ossuary)
  4 goblins
  4 hobgoblins
  4 jackals
  3 quokkas
  7 frilled lizards
  A goblin zombie (Ossuary)
  7 hobgoblin zombies (Ossuary)
  33 kobolds
  2 orc zombies (Ossuary)
  6 rats
  2 tentacles (Shoals:1)
825 creatures vanquished.

Vanquished Creatures (others)
  The ghost of gelatine the Thaumaturge, a journeyman DsFE of Vehumet (Lair:5)
  A catoblepas (Lair:5)
  2 hydras
  A centaur warrior (D:13)
  2 two-headed ogres
  Sonja (D:11)
  A skeletal warrior (D:12)
  3 slime creatures (D:13)
  A deep elf archer (D:12)
  4 orc knights
  2 fauns (Shoals:2)
  A moth of wrath (Spider:1)
  2 manticores
  7 elephants
  2 cyclopes
  A cane toad (Lair:5)
  A komodo dragon (Lair:5)
  2 trolls
  A tengu conjurer (D:13)
  A wind drake (Lair:2)
  A polar bear (Lair:3)
  A hornet (D:4)
  2 tarantellas (Spider:1)
  2 blink frogs
  2 wyverns
  A wraith (D:13)
  A shadow (D:12)
  2 hogs (Lair:5)
  18 yaks
  A human (D:13)
  A redback (Lair:2)
  2 vampire mosquitoes (D:13)
  6 water moccasins
  5 orc warriors
  2 black bears
  3 ice beasts
  An ogre (D:9)
  A centaur (D:5)
  4 wolves
  A phantom (D:4)
  A bullfrog (Lair:4)
  A kobold brigand (D:9)
  Blork the orc (D:4)
  2 scorpions
  25 killer bees
  2 jellies (Lair:4)
  2 gnoll boudas
  An orc priest (D:6)
  An iguana (D:5)
  5 hell rats (Lair:2)
  2 orc wizards
  A nameless horror (D:7)
  8 gnolls
  8 orcs
  A ball python (D:4)
  A kobold (D:6)
  5 tentacles (Shoals:1)
161 creatures vanquished.

Grand Total: 1020 creatures vanquished

Notes
Turn   | Place    | Note
-------+----------+-------------------------------------------
     0 | D:1      | arthad the Felid Summoner began the quest for the Orb.
     0 | D:1      | Reached XP level 1. HP: 7/7 MP: 4/4
   197 | D:1      | Reached XP level 2. HP: 11/11 MP: 3/6
   228 | D:1      | Found a faded altar of an unknown god.
   242 | D:1      | Got Plato's Folio of Bodies
   903 | D:2      | Learned a level 2 spell: Call Imp
  1072 | D:2      | Upgraded the game from 0.30-a0-1018-g25214051b3 to
                  | 0.31-a0-174-g85c54bcb58
  1072 | D:2      | Reached XP level 3. HP: 14/14 MP: 7/7
  1133 | D:2      | Learned a level 3 spell: Call Canine Familiar
  1480 | D:2      | Noticed Natasha
  1489 | D:2      | Killed Natasha
  1490 | D:2      | Reached XP level 4. HP: 14/18 MP: 8/8
  1602 | D:2      | Reached skill level 5 in Summonings
  1807 | D:3      | Reached skill level 1 in Fighting
  1807 | D:3      | Reached skill level 1 in Unarmed Combat
  1819 | D:3      | Reached XP level 5. HP: 4/22 MP: 3/10
  1938 | D:3      | Learned a level 3 spell: Summon Guardian Golem
  2692 | D:4      | Noticed a hornet
  2706 | D:4      | Reached skill level 1 in Hexes
  2711 | D:4      | Noticed a phantom
  2714 | D:4      | Killed a hornet
  2715 | D:4      | Gained mutation: You are covered in thick fur. (AC +2)
                  | [Felid growth]
  2715 | D:4      | Reached XP level 6. HP: 26/26 MP: 11/12
  2731 | D:4      | Reached XP level 7. HP: 30/30 MP: 10/13
  2896 | D:4      | Reached skill level 6 in Summonings
  3162 | D:4      | Learned a level 4 spell: Summon Lightning Spire
  3210 | D:4      | Noticed Blork the orc
  3224 | D:4      | Killed Blork the orc
  3737 | D:4      | Reached skill level 5 in Dodging
  3737 | D:4      | Reached skill level 1 in Air Magic
  3983 | D:5      | Entered Level 5 of the Dungeon
  4064 | D:5      | Reached XP level 8. HP: 34/34 MP: 15/15
  4137 | D:5      | Found an iron altar of Okawaru.
  4406 | D:5      | Upgraded the game from 0.31-a0-174-g85c54bcb58 to
                  | 0.31-a0-177-g4aa6249778
  4643 | D:5      | You fall into a shaft and drop 2 floors!
  4785 | D:7      | Reached skill level 5 in Spellcasting
  4835 | D:6      | Reached skill level 7 in Summonings
  5717 | D:6      | Identified the +7 flail "Haiges" {pain, rF+ Int+3 Dex+2}
  5894 | D:6      | Reached skill level 5 in Hexes
  5915 | D:6      | Reached XP level 9. HP: 17/39 MP: 15/18
  6371 | D:6      | Found a glowing silver altar of Zin.
  6373 | D:6      | Found a basalt altar of Yredelemnul.
  6377 | D:6      | Found an ancient bone altar of Kikubaaqudgha.
  6380 | D:6      | Found a broken altar of Ashenzari.
  6381 | D:6      | Found an ornate altar of the Wu Jian Council.
  7094 | D:7      | Found a staircase to the Ecumenical Temple.
  7105 | Temple   | Entered the Ecumenical Temple
  7150 | Temple   | Became a worshipper of Gozag Ym Sagoz the Greedy
  7952 | D:8      | Noticed a two-headed ogre
  7963 | D:8      | Slain by a wyvern
  7964 | D:8      | Reached XP level 8. HP: 0/36 MP: 15/26
  7964 | D:8      | Found a sand-covered staircase.
  7970 | Ossuary  | Entered an ossuary
  8279 | D:8      | Killed a two-headed ogre
  8280 | D:8      | Reached skill level 8 in Summonings
  8280 | D:8      | Reached XP level 9. HP: 31/39 MP: 9/19
  8665 | D:8      | Reached skill level 5 in Air Magic
  8878 | D:8      | Found Rioleyn's Fire Supplies.
  8991 | D:8      | Found Ehymaicaa's Jewellery Emporium.
  9266 | D:9      | Noticed a troll
  9281 | D:9      | Killed a troll
  9282 | D:9      | Reached skill level 5 in Fighting
  9831 | D:9      | Reached XP level 10. HP: 44/44 MP: 21/21
  9973 | D:9      | Reached skill level 9 in Summonings
 11468 | D:10     | Entered Level 10 of the Dungeon
 11573 | D:10     | Found a flagged portal.
 11584 | Bailey   | Entered a bailey
 11807 | Bailey   | Reached XP level 11. HP: 48/48 MP: 23/23
 11808 | Bailey   | Noticed an orc knight
 11815 | Bailey   | Killed an orc knight
 11823 | Bailey   | Learned a level 2 spell: Blink
 11881 | D:10     | Upgraded the game from 0.31-a0-177-g4aa6249778 to
                  | 0.31-a0-187-gba352fbbf7
 12111 | D:10     | Reached skill level 1 in Translocations
 12179 | D:10     | Reached skill level 10 in Summonings
 13312 | D:10     | Found a staircase to the Lair.
 13460 | D:10     | Found a radiant altar of Vehumet.
 13460 | D:10     | Found a shimmering altar of Xom.
 13764 | D:11     | Noticed Sonja
 13799 | D:11     | Killed Sonja
 14065 | D:11     | Found a staircase to the Orcish Mines.
 14297 | D:11     | Noticed a sun demon
 14326 | D:11     | Gained mutation: Your thick and shaggy fur keeps you warm.
                  | (AC +3, rC+) [Felid growth]
 14326 | D:11     | Reached XP level 12. HP: 53/53 MP: 15/26
 15070 | D:12     | Reached skill level 11 in Summonings
 15432 | D:12     | Reached skill level 5 in Translocations
 15662 | D:12     | Noticed a two-headed ogre
 15671 | D:12     | Killed a two-headed ogre
 15713 | D:12     | Reached skill level 10 in Dodging
 15912 | D:12     | Noticed an eight-headed hydra
 15924 | D:12     | Killed an eight-headed hydra
 16981 | D:13     | Noticed a centaur warrior
 16990 | D:13     | Killed a centaur warrior
 16991 | D:13     | Reached skill level 10 in Spellcasting
 17202 | D:13     | Noticed a two-headed ogre
 17213 | D:13     | Killed a two-headed ogre
 17367 | D:13     | Reached XP level 13. HP: 35/58 MP: 1/28
 17807 | D:14     | Noticed Azrael
 17980 | Lair:1   | Entered Level 1 of the Lair of Beasts
 18668 | Lair:1   | Reached skill level 12 in Summonings
 19441 | Lair:2   | Found a staircase to the Shoals.
 19785 | Lair:2   | Found a hole to the Spider Nest.
 20081 | Lair:2   | Identified the +8 rapier of Kismet {drain, rC+}
 20789 | Lair:2   | Upgraded the game from 0.31-a0-187-gba352fbbf7 to
                  | 0.31-a0-188-g5e087ee2ca
 20789 | Lair:2   | Bought an Inescapable Atlas for 512 gold pieces
 20789 | Lair:2   | Bought the Cyclopedia of Flesh for 576 gold pieces
 20789 | Lair:2   | Bought the Octavo of Companions for 608 gold pieces
 20795 | Lair:2   | Learned a level 5 spell: Summon Mana Viper
 20800 | Lair:2   | Learned a level 4 spell: Manifold Assault
 21311 | Lair:3   | Reached skill level 1 in Transmutations
 21391 | Lair:3   | Reached skill level 10 in Air Magic
 22549 | Lair:4   | Found a staircase to the Slime Pits.
 22549 | Lair:4   | Found a viscous altar of Jiyva.
 22788 | Lair:3   | Reached XP level 14. HP: 35/63 MP: 23/30
 22945 | Lair:4   | You fall into a shaft and drop 1 floor!
 22945 | Lair:5   | Entered Level 5 of the Lair of Beasts
 23082 | Lair:5   | Learned a level 7 spell: Storm Form
 23213 | Lair:5   | Found a runed translucent gate.
 23213 | Lair:5   | Found a runed translucent gate.
 23213 | Lair:5   | Found a runed translucent gate.
 23218 | Lair:5   | Noticed gelatine's ghost (journeyman DsFE)
 24067 | Lair:5   | Reached skill level 13 in Summonings
 24286 | Lair:5   | Upgraded the game from 0.31-a0-188-g5e087ee2ca to
                  | 0.31-a0-196-g86fe4a5e66
 24365 | Lair:5   | Found a large runed translucent door.
 24367 | Lair:5   | Found a large runed translucent door.
 25765 | Lair:5   | Killed gelatine's ghost
 28075 | Lair:5   | Noticed Kirke
 28096 | Lair:5   | Killed Kirke
 28097 | Lair:5   | Reached skill level 5 in Transmutations
 28513 | D:8      | Bought the ring of Xustiad {rCorr Str+3 Int+6} for 713 gold
                  | pieces
 28587 | Orc:1    | Entered Level 1 of the Orcish Mines
 28659 | Orc:1    | Reached XP level 15. HP: 67/67 MP: 29/31
 29266 | Orc:2    | Entered Level 2 of the Orcish Mines
 29485 | Orc:2    | Found Zonad's Assorted Antiques.
 29581 | Orc:2    | Bought a bone wand for 144 gold pieces
 30424 | Orc:2    | Found a staircase to the Elven Halls.
 30453 | Orc:2    | Slain by a sixfirhy
 30454 | Orc:2    | Reached XP level 14. HP: -3/64 MP: 24/39
 31158 | Orc:2    | Noticed an orc warlord
 31171 | Orc:2    | Killed an orc warlord
 31172 | Orc:2    | Reached skill level 10 in Translocations
 31348 | Orc:2    | Upgraded the game from 0.31-a0-196-g86fe4a5e66 to
                  | 0.31-a0-233-g139696dc86
 31536 | Orc:2    | Found Eshrogg's Antique Armour Boutique.
 31537 | Orc:2    | Found Nixkes's Antique Weapon Shop.
 31539 | Orc:2    | Found Womuev's General Store.
 31539 | Orc:2    | Found Ecim's Book Boutique.
 31555 | Orc:2    | Bought a potion of curing for 51 gold pieces
 31556 | Orc:2    | Bought a book of Scorching for 450 gold pieces
 31556 | Orc:2    | Bought Hablie's Codex of the Snake and Support for 720 gold
                  | pieces
 31563 | Orc:2    | Learned a level 6 spell: Summon Cactus Giant
 32380 | D:14     | Killed Azrael
 32936 | D:14     | Reached skill level 14 in Summonings
 33169 | D:14     | Reached skill level 5 in Unarmed Combat
 33260 | D:14     | Found an ancient bone altar of Kikubaaqudgha.
 33557 | D:14     | Noticed Lodul
 33564 | D:14     | Killed Lodul
 33761 | D:14     | Found a gate to the Vaults.
 33869 | D:15     | Entered Level 15 of the Dungeon
 33883 | D:15     | Reached XP level 15. HP: 69/69 MP: 25/32
 33974 | D:15     | Reached skill level 10 in Fighting
 35145 | D:15     | Found a staircase to the Depths.
 36022 | Shoals:1 | Entered Level 1 of the Shoals
 36658 | Shoals:1 | Noticed a kraken
 36672 | Shoals:1 | Killed a kraken
 37540 | Shoals:2 | Noticed Polyphemus
 37564 | Shoals:1 | Upgraded the game from 0.31-a0-233-g139696dc86 to
                  | 0.31-a0-236-g9a0961fb85
 37722 | D:8      | Bought an amulet of reflection for 390 gold pieces
 37885 | Shoals:2 | Noticed Donald
 37919 | Shoals:2 | HP: 2/69 [Donald/+1 heavy double sword (13)]
 37928 | Shoals:2 | Demolished by Donald
 37929 | Shoals:2 | Reached XP level 14. HP: -14/66 MP: 2/40
 38066 | Shoals:2 | Killed Polyphemus
 38392 | Shoals:2 | Identified the +2 robe "Ydeus" {MP+9 Int+3}
 38431 | Shoals:2 | Killed Donald
 38649 | Shoals:2 | Reached XP level 15. HP: 66/70 MP: 4/32
 39581 | Shoals:3 | Reached skill level 15 in Summonings
 40526 | Lair:2   | Bought 2 scrolls of identify for 140 gold pieces
 40568 | Spider:1 | Entered Level 1 of the Spider Nest
 40643 | Spider:1 | Mangled by a boulder beetle

Illustrated notes

Levels and vault maps discovered:
D:1:      grunt_arrival_lava_bath, layout_loops_ring,
          shapermc_ecumenical_altar_rom_forum
D:2:      minmay_inner_zag, layout_rooms, serial_forest,
          infiniplex_forest_diagonal, infiniplex_forest_straight_2,
          infiniplex_forest_straight_5, infiniplex_forest_clump_tiny,
          infiniplex_forest_corner_1, infiniplex_forest_end_2,
          infiniplex_forest_lined_ring, dreamdust_wishing_well,
          minmay_octomino_c4, uniq_natasha
D:3:      cheibrodos_old_hovel, layout_rooms, minmay_fractal_squares_gapless_5
D:4:      layout_basic, kennysheep_generic_room_2, uniq_blork_the_orc
D:5:      layout_loops_corners, mainiacjoe_overflow_tiny_flanked
D:6:      layout_basic, minitemple, minmay_misc_feat_chi,
          chequers_serial_rivers_large_a, hex_medium, st_stairs_3
D:7:      layout_loops_corners, temple_hall
D:8:      layout_rooms, nicolae_ossuary_entry_plus, nicolae_shop_fire_sale
          [nicolae_sub_dead_trees], minmay_shop_enchanted_jewellery
D:9:      kennysheep_seaside_town, layout_basic, grunt_ministairs_3
D:10:     layout_roguey [special_room_bee], gammafunk_temple_overflow_statue,
          david_lair_shrubbed, enter_bailey_6, minivault_20
D:11:     layout_roguey, orc_0_dummy, uniq_sonja
D:12:     layout_rooms, grunt_tough_drop
D:13:     layout_irregular_city, grunt_livestock
D:14:     layout_cave_pools, hangedman_vaults_entry_quadrant_bands,
          nicolae_kikubaaqudgha_miasma_corner, library_closet, uniq_lodul,
          uniq_azrael
D:15:     gammafunk_depths_entry_grave, layout_layer_cave,
          minmay_misc_feat_diagonals, drop_trap
Temple:   nicolae_temple_bog_church
Lair:1:   layout_misc_corridors, pdpol_lair_neglected_garden,
          nicolae_lair_lil_pond, chequers_serial_rivers_small_b
Lair:2:   layout_hall_layers, minmay_shoals_entry_beasts,
          nicolae_spider_entry_tight_spaces, kennysheep_abandoned_house
Lair:3:   layout_gridlike, nicolae_quartered_pool_little, grunt_megastairs_2,
          serial_bayou_shore_b
Lair:4:   layout_cave_pods, minmay_slime_entry_pillars, wad_woods_road_06,
          serial_bayou_shore_b
Lair:5:   cheibrodos_lair_end_hotspot, layout_cave_pods,
          maelrawn_ghost_gauntlet_escape, uniq_kirke
Shoals:1: layout_shoals
Shoals:2: layout_shoals, uniq_polyphemus, uniq_donald
Shoals:3: layout_shoals, nicolae_shoals_nautilus_by_nature
Spider:1: layout_spider_delve, gammafunk_ghost_mausoleum,
          hellmonk_motheaten_closet
Orc:1:    layout_diamond_mine
Orc:2:    st_orc_congregation, layout_caves, serial_shops, shop,
          minmay_orc_temple_c

Skill      XL: |  1  2  3  4  5  6  7  8  9 10 11 12 13 14 15 |
---------------+----------------------------------------------+-----
Dodging        | 3 4 5 7 8 9 10 11 12 13 | 13.7
Summonings     | 5 6 8 9 10 11 12 14 15 | 15.0
Fighting       | 1 2 3 5 6 7 8 9 10 | 10.6
Unarmed Combat | 1 2 5 6 |  6.5
Spellcasting   | 3 4 6 7 9 10 11 12 | 12.3
Hexes          | 2 3 6 7 8 |  8.4
Air Magic      | 1 3 5 6 7 9 10 11 12 | 12.7
Translocations | 4 6 8 10 | 10.0
Transmutations | 2 9 8 |  9.6
Stealth        | |  2.8

Action                     |  1- 3 |  4- 6 |  7- 9 | 10-12 | 13-15 || total
---------------------------+-------+-------+-------+-------+-------++-------
  Melee: Unarmed           |    31 |    11 |    26 |    19 |   177 ||   264
         Bite              |     6 |     3 |     5 |     6 |    29 ||    49
         Punch             |     1 |       |       |     1 |    12 ||    14
   Cast: Summon Small Mamm |    38 |    13 |     8 |       |       ||    59
         Call Imp          |     9 |     9 |    17 |    13 |    10 ||    58
         Call Canine Famil |     2 |    14 |    64 |    55 |   135 ||   270
         Summon Guardian G |       |     3 |    53 |   104 |   123 ||   283
         Summon Lightning  |       |       |    29 |    96 |   265 ||   390
         Blink             |       |       |       |     3 |     8 ||    11
         Summon Mana Viper |       |       |       |       |   149 ||   149
         Manifold Assault  |       |       |       |       |    21 ||    21
         Summon Cactus Gia |       |       |       |       |    69 ||    69
         Storm Form        |       |       |       |       |    25 ||    25
 Invoke: Potion Petition   |       |       |       |     1 |       ||     1
         Call Merchant     |       |       |       |       |     4 ||     4
Ability: Blinkbolt         |       |       |       |       |     1 ||     1
  Evoke: Wand              |       |       |       |     7 |    11 ||    18
         Phial of floods   |       |       |       |     1 |     3 ||     4
         Phantom mirror    |       |       |       |       |     1 ||     1
    Use: Scroll            |       |       |    14 |    10 |    12 ||    36
         Potion            |       |       |     1 |     3 |     4 ||     8
   Stab: Distracted        |       |     1 |     1 |       |     4 ||     6
         Sleeping          |       |       |       |       |     3 ||     3
 Armour: Skin              |     7 |     3 |    12 |     9 |    43 ||    74
  Dodge: Dodged            |    37 |    22 |   110 |    96 |   404 ||   669
  Block: Other             |       |       |       |       |     6 ||     6

Table legend: (Time is in decaauts)
 A = Elapsed time spent in this place.
 B = Non-inter-level travel time spent in this place.
 C = Inter-level travel time spent in this place.
 D = Time resting spent in this place.
 E = Time spent auto-exploring this place.
 F = Levels seen in this place.
 G = Mean time per level.
                   A        B        C        D        E       F      G
               +--------+--------+--------+--------+--------+-----+--------+
         Total |  36909 |  35058 |   1851 |   1478 |  25748 |  29 | 1272.7 |
       Dungeon |  19063 |  18080 |    983 |   1066 |  12644 |  15 | 1270.9 |
        Temple |    167 |    152 |     15 |      0 |    133 |   1 |  167.0 |
          Lair |   9718 |   9143 |    575 |    390 |   6873 |   5 | 1943.6 |
        Shoals |   4082 |   3924 |    158 |     22 |   3219 |   3 | 1360.7 |
   Spider Nest |     74 |     74 |      0 |      0 |     46 |   1 |   74.0 |
  Orcish Mines |   3263 |   3146 |    117 |      0 |   2445 |   2 | 1631.5 |
       Ossuary |    264 |    264 |      0 |      0 |    187 |   1 |  264.0 |
        Bailey |    274 |    274 |      0 |      0 |    198 |   1 |  274.0 |
               +--------+--------+--------+--------+--------+-----+--------+

Top non-repeatable levels by time:
  Lair:5: 3188 daAuts
   Orc:2: 2302 daAuts
     D:9: 2077 daAuts
    D:10: 1899 daAuts
  Lair:2: 1864 daAuts
  Lair:4: 1806 daAuts
  Lair:3: 1772 daAuts
    D:15: 1616 daAuts
Shoals:2: 1581 daAuts
    D:12: 1577 daAuts
    D:14: 1519 daAuts
Shoals:1: 1517 daAuts
    D:11: 1337 daAuts
    D:13: 1284 daAuts
     D:6: 1215 daAuts
